[ AOE2 MATCH · #484360064 ]
Team RMRomans vs Malians
[ REPLAY ANALYSIS · EXTRACTED FROM THE RECORDED GAME ]
Feudal
10:57
Castle
15:00
Imperial
31:19
| APM avg | 39.0 |
| APM peak | 70 |
| eAPM avg | 27.7 |
| Villagers / military | 221 / 335 |
Focus
⚔️ 37.4% · 🌾 62.6%
Scorpion ×205 · Battering Ram ×121 · Centurion ×8 · Mangonel ×1
Feudal
11:43
Castle
16:11
Imperial
33:14
| APM avg | 43.8 |
| APM peak | 85 |
| eAPM avg | 18.5 |
| Villagers / military | 120 / 87 |
Focus
⚔️ 26.2% · 🌾 73.8%
Knight ×56 · Mangonel ×11 · Monk ×10 · Conquistador ×8 · Scorpion ×1 · Spearman ×1
Feudal
11:53
Castle
17:15
Imperial
35:49
| APM avg | 32.2 |
| APM peak | 63 |
| eAPM avg | 23.8 |
| Villagers / military | 169 / 680 |
Focus
⚔️ 32.6% · 🌾 67.4%
Spearman ×405 · Huskarl ×176 · Militia ×86 · Bombard Cannon ×7 · Mangonel ×5 · Monk ×1
Feudal
11:07
Castle
15:42
Imperial
36:29
| APM avg | 37.3 |
| APM peak | 86 |
| eAPM avg | 26.4 |
| Villagers / military | 134 / 240 |
Focus
⚔️ 40.4% · 🌾 59.6%
Militia ×184 · Battering Ram ×31 · Mangonel ×16 · Spearman ×7 · Monk ×2
Feudal
10:52
Castle
14:30
Imperial
29:23
| APM avg | 42.0 |
| APM peak | 90 |
| eAPM avg | 28.0 |
| Villagers / military | 142 / 402 |
Focus
⚔️ 28.4% · 🌾 71.6%
Spearman ×206 · Hand Cannoneer ×119 · Hussite Wagon ×54 · Bombard Cannon ×14 · Mangonel ×5 · Scorpion ×2
Feudal
11:34
Castle
18:23
Imperial
32:16
| APM avg | 25.3 |
| APM peak | 64 |
| eAPM avg | 14.9 |
| Villagers / military | 118 / 109 |
Focus
⚔️ 26.5% · 🌾 73.5%
Organ Gun ×49 · Spearman ×36 · Bombard Cannon ×16 · Mangonel ×3 · Hand Cannoneer ×3 · Monk ×2
Feudal
12:01
Castle
21:21
Imperial
34:31
| APM avg | 43.9 |
| APM peak | 84 |
| eAPM avg | 27.5 |
| Villagers / military | 155 / 24 |
Focus
⚔️ 21.3% · 🌾 78.7%
Teutonic Knight ×15 · Knight ×7 · Monk ×1 · Battering Ram ×1
Feudal
12:33
Castle
18:38
Imperial
37:48
| APM avg | 20.7 |
| APM peak | 52 |
| eAPM avg | 10.9 |
| Villagers / military | 137 / 57 |
Focus
⚔️ 14.4% · 🌾 85.6%
Spearman ×44 · Knight ×10 · Bombard Cannon ×3
Match map
Initial resources + every placement click. Lines = walls · curves = elevation contours. ◆ gold · ⬟ stone · ● berries · ✦ relic · ◌ wall gap
Your base· ✓ Closed at 15:00 · 0t walls · 2 gate(s)
Wangdangdoodle's base· ✓ Closed at 16:11 · 0t walls · 2 gate(s)
TheBraveTRCK's base· ✓ Closed at 17:15 · 0t walls · 4 gate(s)
Digit's base· ✓ Closed at 15:42 · 0t walls · 2 gate(s)
Macau_Player's base· ✓ Closed at 14:30 · 17t walls · 4 gate(s)
Torontist's base· ✓ Closed at 18:23 · 11t walls · 4 gate(s)
yzdddd's base· ✓ Closed at 21:21 · 0t walls · 3 gate(s)
urug3n's base· ✓ Closed at 18:38 · 0t walls · 3 gate(s)
Smoothed initial terrain · ◌ = detected wall gap · hover for details
Inputs per minute
— InterfectoremTR - - Wangdangdoodle
Build order — InterfectoremTR
First 150 of 677 actions detected
| 0:01 | Create | Villager (Male) |
| 0:01 | Create | Villager (Male) |
| 0:01 | Create | Villager (Male) |
| 0:02 | Create | Villager (Male) |
| 0:02 | Create | Villager (Male) |
| 0:04 | Build | House |
| 0:05 | Build | House |
| 0:06 | Build | House |
| 1:40 | Create | Villager (Male) |
| 2:04 | Create | Villager (Male) |
| 2:26 | Create | Villager (Male) |
| 2:26 | Create | Villager (Male) |
| 2:56 | Create | Villager (Male) |
| 2:57 | Create | Villager (Male) |
| 3:08 | Create | Villager (Male) |
| 3:38 | Create | Villager (Male) |
| 3:38 | Create | Villager (Male) |
| 3:56 | Create | Villager (Male) |
| 3:57 | Create | Villager (Male) |
| 4:21 | Create | Villager (Male) |
| 4:21 | Create | Villager (Male) |
| 4:40 | Build | Mill |
| 5:01 | Create | Villager (Male) |
| 5:01 | Create | Villager (Male) |
| 5:02 | Create | Villager (Male) |
| 5:02 | Create | Villager (Male) |
| 5:09 | Build | House |
| 5:10 | Build | House |
| 5:16 | Build | Lumber Camp |
| 5:40 | Create | Villager (Male) |
| 5:40 | Create | Villager (Male) |
| 5:41 | Create | Villager (Male) |
| 5:41 | Create | Villager (Male) |
| 6:11 | Build | House |
| 6:30 | Create | Villager (Male) |
| 6:59 | Create | Villager (Male) |
| 6:59 | Create | Villager (Male) |
| 7:24 | Create | Villager (Male) |
| 7:25 | Create | Villager (Male) |
| 8:26 | Build | Mining Camp |
| 8:41 | Research | Feudal Age |
| 10:01 | Create | Villager (Male) |
| 10:02 | Create | Villager (Male) |
| 10:03 | Create | Villager (Male) |
| 10:57 | Age | Feudal Age |
| 11:00 | Build | Market |
| 11:04 | Build | Blacksmith |
| 11:25 | Build | Farm |
| 11:50 | Build | Farm |
| 11:54 | Build | House |
| 11:55 | Build | House |
| 12:19 | Build | Farm |
| 12:20 | Research | Castle Age |
| 12:20 | Research | Castle Age |
| 12:30 | Build | Farm |
| 12:34 | Build | House |
| 12:36 | Build | House |
| 12:37 | Build | House |
| 12:42 | Build | House |
| 13:09 | Research | Double-Bit Axe |
| 13:50 | Create | Villager (Male) |
| 14:01 | Create | Villager (Male) |
| 14:08 | Build | Farm |
| 14:08 | Build | Farm |
| 14:12 | Research | Horse Collar |
| 14:34 | Build | House |
| 14:44 | Build | House |
| 14:45 | Build | House |
| 15:00 | Age | Castle Age |
| 15:14 | Build | Town Center |
| 15:18 | Build | Farm |
| 15:21 | Build | Farm |
| 15:27 | Build | Farm |
| 16:26 | Create | Villager (Male) |
| 16:28 | Build | Farm |
| 16:29 | Build | Farm |
| 16:30 | Create | Villager (Male) |
| 16:30 | Create | Villager (Male) |
| 16:56 | Build | House |
| 16:58 | Build | House |
| 16:59 | Create | Villager (Male) |
| 17:02 | Build | Farm |
| 17:05 | Build | Town Center |
| 17:09 | Create | Villager (Male) |
| 17:09 | Create | Villager (Male) |
| 17:18 | Create | Villager (Male) |
| 17:18 | Create | Villager (Male) |
| 17:35 | Research | Bow Saw |
| 17:37 | Create | Villager (Male) |
| 17:51 | Research | Heavy Plow |
| 17:52 | Create | Villager (Male) |
| 17:52 | Create | Villager (Male) |
| 17:52 | Create | Villager (Male) |
| 17:56 | Build | Farm |
| 18:19 | Build | Siege Workshop |
| 18:23 | Create | Villager (Male) |
| 18:24 | Create | Villager (Male) |
| 18:34 | Create | Villager (Male) |
| 18:34 | Create | Villager (Male) |
| 18:37 | Build | Farm |
| 18:38 | Build | Farm |
| 18:46 | Build | Farm |
| 19:00 | Create | Scorpion |
| 19:08 | Create | Scorpion |
| 19:17 | Build | House |
| 19:22 | Create | Villager (Male) |
| 19:22 | Create | Villager (Male) |
| 19:22 | Create | Villager (Male) |
| 19:22 | Create | Villager (Male) |
| 19:23 | Create | Villager (Male) |
| 19:29 | Create | Villager (Male) |
| 19:29 | Create | Villager (Male) |
| 19:39 | Create | Villager (Male) |
| 19:39 | Create | Villager (Male) |
| 19:48 | Create | Scorpion |
| 19:53 | Build | Siege Workshop |
| 19:56 | Create | Scorpion |
| 20:08 | Create | Villager (Male) |
| 20:08 | Create | Villager (Male) |
| 20:13 | Build | Farm |
| 20:15 | Build | Farm |
| 20:16 | Create | Villager (Male) |
| 20:17 | Create | Villager (Male) |
| 20:17 | Create | Villager (Male) |
| 20:18 | Create | Villager (Male) |
| 20:18 | Create | Villager (Male) |
| 20:31 | Create | Scorpion |
| 20:37 | Build | Mining Camp |
| 20:39 | Create | Villager (Male) |
| 20:39 | Create | Villager (Male) |
| 20:39 | Create | Villager (Male) |
| 20:44 | Build | Farm |
| 20:48 | Build | Farm |
| 20:52 | Build | Farm |
| 20:54 | Create | Villager (Male) |
| 20:55 | Create | Villager (Male) |
| 20:55 | Create | Villager (Male) |
| 20:55 | Create | Villager (Male) |
| 20:55 | Create | Villager (Male) |
| 21:13 | Create | Villager (Male) |
| 21:14 | Create | Villager (Male) |
| 21:14 | Create | Villager (Male) |
| 21:14 | Create | Villager (Male) |
| 21:21 | Build | Mill |
| 21:22 | Build | Farm |
| 21:23 | Build | Farm |
| 21:25 | Build | Farm |
| 21:28 | Create | Villager (Male) |
| 21:29 | Create | Villager (Male) |
| 21:29 | Create | Villager (Male) |
Build order — Wangdangdoodle
First 150 of 361 actions detected
| 0:02 | Create | Villager (Male) ×4 |
| 0:08 | Build | House |
| 0:09 | Build | House |
| 1:28 | Create | Villager (Male) |
| 1:55 | Build | Lumber Camp |
| 2:13 | Create | Villager (Male) |
| 2:16 | Create | Villager (Male) |
| 2:40 | Create | Villager (Male) |
| 3:13 | Build | House |
| 3:15 | Build | House |
| 3:16 | Build | House |
| 3:28 | Create | Villager (Male) |
| 3:41 | Build | House |
| 4:03 | Create | Villager (Male) |
| 4:03 | Create | Villager (Male) |
| 4:30 | Create | Villager (Male) |
| 4:54 | Build | Mill |
| 5:10 | Create | Villager (Male) |
| 5:30 | Create | Villager (Male) |
| 6:00 | Create | Villager (Male) |
| 6:20 | Build | Mill |
| 6:38 | Create | Villager (Male) |
| 6:38 | Create | Villager (Male) |
| 7:02 | Create | Villager (Male) |
| 7:02 | Create | Villager (Male) |
| 8:09 | Create | Villager (Male) |
| 8:40 | Create | Villager (Male) |
| 8:40 | Create | Villager (Male) |
| 9:20 | Build | Mining Camp |
| 9:32 | Research | Feudal Age |
| 9:36 | Build | Mining Camp |
| 10:55 | Create | Villager (Male) |
| 10:55 | Create | Villager (Male) |
| 11:43 | Age | Feudal Age |
| 11:45 | Build | Blacksmith |
| 11:47 | Build | Market |
| 12:28 | Research | Loom |
| 12:39 | Build | Barracks |
| 12:53 | Build | House |
| 13:31 | Research | Castle Age |
| 14:09 | Build | Farm |
| 14:13 | Create | Spearman |
| 14:22 | Build | Farm |
| 14:22 | Build | Farm |
| 14:50 | Create | Villager (Male) |
| 15:03 | Build | Farm |
| 15:33 | Research | Horse Collar |
| 16:11 | Age | Castle Age |
| 16:12 | Build | Castle |
| 16:23 | Create | Villager (Male) |
| 16:38 | Build | Mining Camp |
| 17:05 | Build | Mining Camp |
| 17:11 | Build | Siege Workshop |
| 17:14 | Create | Conquistador |
| 17:14 | Create | Conquistador |
| 17:17 | Create | Villager (Male) |
| 17:23 | Build | Farm |
| 17:28 | Build | Farm |
| 17:30 | Build | Farm |
| 17:33 | Build | Farm |
| 17:53 | Create | Conquistador |
| 18:11 | Create | Scorpion |
| 18:49 | Create | Villager (Male) |
| 18:51 | Create | Mangonel |
| 19:15 | Build | Monastery |
| 19:26 | Research | Fletching |
| 19:36 | Create | Villager (Male) |
| 19:46 | Create | Villager (Male) |
| 19:49 | Create | Conquistador |
| 20:04 | Create | Monk |
| 20:08 | Create | Conquistador |
| 20:27 | Build | Farm |
| 20:28 | Build | Farm |
| 20:31 | Build | Farm |
| 20:33 | Build | Farm |
| 20:35 | Build | Farm |
| 20:38 | Build | Farm |
| 20:39 | Create | Villager (Male) |
| 21:19 | Create | Villager (Male) |
| 21:23 | Create | Villager (Male) |
| 21:24 | Create | Villager (Male) |
| 21:25 | Create | Villager (Male) |
| 21:50 | Create | Villager (Male) |
| 22:05 | Create | Villager (Male) |
| 22:18 | Research | Redemption |
| 22:37 | Create | Villager (Male) |
| 22:49 | Create | Villager (Male) |
| 22:51 | Create | Villager (Male) |
| 22:53 | Build | Farm |
| 22:56 | Build | Farm |
| 23:01 | Build | Farm |
| 23:03 | Build | Farm |
| 23:05 | Create | Villager (Male) |
| 23:05 | Create | Villager (Male) |
| 23:36 | Create | Conquistador |
| 24:26 | Create | Monk |
| 24:47 | Create | Villager (Male) |
| 24:54 | Create | Monk |
| 24:57 | Create | Villager (Male) |
| 24:57 | Create | Villager (Male) |
| 25:47 | Create | Villager (Male) |
| 25:47 | Create | Villager (Male) |
| 26:08 | Create | Villager (Male) |
| 26:08 | Create | Villager (Male) |
| 26:13 | Create | Villager (Male) |
| 26:17 | Build | House |
| 26:41 | Create | Villager (Male) |
| 27:00 | Create | Villager (Male) |
| 27:00 | Create | Villager (Male) |
| 27:05 | Create | Monk |
| 27:05 | Create | Monk |
| 27:08 | Build | House |
| 27:09 | Build | House |
| 27:17 | Create | Mangonel |
| 27:19 | Create | Villager (Male) |
| 27:20 | Create | Villager (Male) |
| 27:21 | Create | Villager (Male) |
| 27:24 | Build | Farm |
| 27:34 | Build | Town Center |
| 27:39 | Build | Lumber Camp |
| 28:06 | Build | House |
| 28:07 | Build | House |
| 28:57 | Create | Villager (Male) |
| 29:00 | Build | House |
| 29:41 | Research | Imperial Age |
| 29:43 | Build | Farm |
| 29:49 | Create | Villager (Male) |
| 30:02 | Build | Stable |
| 30:04 | Build | Stable |
| 30:06 | Build | Stable |
| 30:41 | Research | Forging |
| 30:42 | Research | Scale Barding Armor |
| 31:07 | Build | Gate |
| 31:23 | Create | Villager (Male) |
| 31:23 | Create | Villager (Male) |
| 31:56 | Create | Villager (Male) |
| 31:58 | Create | Monk |
| 32:00 | Create | Conquistador |
| 32:01 | Create | Conquistador |
| 32:03 | Create | Knight |
| 32:03 | Create | Knight |
| 32:04 | Create | Knight |
| 32:04 | Create | Knight |
| 32:04 | Create | Knight |
| 32:17 | Build | University |
| 32:58 | Create | Villager (Male) |
| 32:58 | Create | Villager (Male) |
| 32:58 | Create | Villager (Male) |
| 32:59 | Create | Villager (Male) |
| 33:14 | Age | Imperial Age |
Build order — TheBraveTRCK
First 150 of 575 actions detected
| 0:01 | Research | Loom |
| 0:01 | Create | Villager (Male) |
| 0:02 | Create | Villager (Male) |
| 0:03 | Build | House |
| 0:05 | Build | House |
| 0:16 | Create | Villager (Male) |
| 0:33 | Create | Villager (Male) |
| 1:44 | Create | Villager (Male) |
| 1:44 | Create | Villager (Male) |
| 1:46 | Build | Lumber Camp |
| 2:05 | Create | Villager (Male) |
| 2:22 | Create | Villager (Male) |
| 3:02 | Create | Villager (Male) |
| 3:02 | Create | Villager (Male) |
| 3:11 | Create | Villager (Male) |
| 3:46 | Build | Mill |
| 3:52 | Create | Villager (Male) |
| 3:59 | Build | House |
| 4:04 | Create | Villager (Male) |
| 4:35 | Create | Villager (Male) |
| 4:51 | Create | Villager (Male) |
| 5:32 | Create | Villager (Male) |
| 5:47 | Build | House |
| 5:49 | Create | Villager (Male) |
| 6:20 | Create | Villager (Male) |
| 6:40 | Create | Villager (Male) |
| 6:48 | Create | Villager (Male) |
| 7:06 | Create | Villager (Male) |
| 7:25 | Create | Villager (Male) |
| 7:31 | Build | House |
| 7:32 | Build | House |
| 7:36 | Create | Villager (Male) |
| 8:05 | Create | Villager (Male) |
| 8:35 | Create | Villager (Male) |
| 9:06 | Build | Mill |
| 9:22 | Build | Mill |
| 9:43 | Research | Feudal Age |
| 9:57 | Build | Mining Camp |
| 10:48 | Build | House |
| 10:51 | Build | House |
| 11:53 | Age | Feudal Age |
| 12:03 | Create | Villager (Male) |
| 12:07 | Build | Blacksmith |
| 12:10 | Build | Palisade Gate |
| 12:14 | Build | Market |
| 12:24 | Create | Villager (Male) |
| 12:24 | Research | Double-Bit Axe |
| 12:31 | Build | Farm |
| 12:48 | Create | Villager (Male) |
| 13:15 | Create | Villager (Male) |
| 13:20 | Build | Farm |
| 13:22 | Build | Farm |
| 13:29 | Build | Farm |
| 13:32 | Build | Farm |
| 13:42 | Build | Farm |
| 13:44 | Create | Villager (Male) |
| 13:55 | Create | Villager (Male) |
| 14:35 | Research | Castle Age |
| 14:42 | Create | Villager (Male) |
| 15:09 | Build | House |
| 15:10 | Build | House |
| 15:17 | Create | Villager (Male) |
| 15:31 | Create | Villager (Male) |
| 16:05 | Build | Mining Camp |
| 16:10 | Build | Mining Camp |
| 16:19 | Build | Farm |
| 16:20 | Build | Farm |
| 16:20 | Build | Farm |
| 16:21 | Build | Farm |
| 16:21 | Build | Farm |
| 16:21 | Build | Farm |
| 16:22 | Build | Farm |
| 16:58 | Create | Villager (Male) |
| 17:15 | Age | Castle Age |
| 17:19 | Build | Siege Workshop |
| 17:33 | Build | Barracks |
| 17:40 | Build | House |
| 17:44 | Build | House |
| 17:46 | Build | House |
| 17:55 | Create | Mangonel |
| 18:41 | Build | Town Center |
| 19:04 | Create | Villager (Male) |
| 19:22 | Create | Villager (Male) |
| 19:28 | Build | Town Center |
| 20:27 | Build | Castle |
| 20:49 | Build | Palisade Gate |
| 20:53 | Build | Palisade Wall |
| 20:55 | Build | Palisade Wall |
| 21:02 | Build | House |
| 21:30 | Create | Villager (Male) |
| 21:31 | Create | Villager (Male) |
| 21:31 | Create | Villager (Male) |
| 21:36 | Create | Villager (Male) |
| 21:37 | Create | Villager (Male) |
| 21:58 | Create | Villager (Male) |
| 21:58 | Create | Villager (Male) |
| 21:58 | Create | Villager (Male) |
| 22:20 | Create | Mangonel |
| 22:23 | Create | Villager (Male) |
| 22:24 | Create | Villager (Male) |
| 22:24 | Create | Villager (Male) |
| 22:45 | Build | Stable |
| 22:50 | Build | Barracks |
| 23:06 | Create | Villager (Male) |
| 23:06 | Create | Villager (Male) |
| 23:06 | Create | Villager (Male) |
| 23:06 | Create | Villager (Male) |
| 23:16 | Create | Villager (Male) |
| 23:17 | Create | Villager (Male) |
| 23:17 | Create | Villager (Male) |
| 23:24 | Create | Mangonel |
| 23:39 | Build | House |
| 23:47 | Create | Villager (Male) |
| 23:47 | Create | Villager (Male) |
| 23:47 | Create | Villager (Male) |
| 23:48 | Create | Villager (Male) |
| 23:48 | Create | Villager (Male) |
| 24:34 | Create | Villager (Male) |
| 24:34 | Create | Villager (Male) |
| 24:34 | Create | Villager (Male) |
| 24:34 | Create | Villager (Male) |
| 24:36 | Build | Farm |
| 24:37 | Build | Farm |
| 24:38 | Build | Farm |
| 24:38 | Build | Farm |
| 24:38 | Build | Farm |
| 24:41 | Build | Farm |
| 24:41 | Build | Farm |
| 24:43 | Create | Villager (Male) |
| 24:43 | Create | Villager (Male) |
| 24:47 | Build | Farm |
| 24:52 | Create | Villager (Male) |
| 24:52 | Create | Villager (Male) |
| 24:52 | Create | Villager (Male) |
| 24:54 | Build | Farm |
| 25:04 | Build | House |
| 25:07 | Build | House |
| 25:10 | Create | Spearman |
| 25:10 | Create | Spearman |
| 25:24 | Create | Villager (Male) |
| 25:24 | Create | Villager (Male) |
| 25:28 | Build | Farm |
| 25:30 | Build | Farm |
| 25:35 | Build | Lumber Camp |
| 25:47 | Create | Villager (Male) |
| 25:47 | Create | Villager (Male) |
| 25:53 | Create | Villager (Male) |
| 25:53 | Create | Villager (Male) |
| 26:09 | Create | Villager (Male) |
| 26:09 | Create | Villager (Male) |
Build order — Digit
First 150 of 577 actions detected
| 0:01 | Create | Villager (Male) |
| 0:01 | Create | Villager (Male) |
| 0:01 | Create | Villager (Male) |
| 0:03 | Build | House |
| 0:05 | Build | House |
| 0:05 | Create | Villager (Male) |
| 0:05 | Create | Villager (Male) |
| 1:27 | Create | Villager (Male) |
| 1:28 | Create | Villager (Male) |
| 1:56 | Build | Lumber Camp |
| 1:59 | Create | Villager (Male) |
| 1:59 | Create | Villager (Male) |
| 2:13 | Create | Villager (Male) |
| 2:13 | Create | Villager (Male) |
| 2:39 | Create | Villager (Male) |
| 2:39 | Create | Villager (Male) |
| 3:07 | Create | Villager (Male) |
| 3:07 | Create | Villager (Male) |
| 3:27 | Build | House |
| 3:28 | Build | House |
| 3:30 | Build | House |
| 3:41 | Create | Villager (Male) |
| 3:41 | Create | Villager (Male) |
| 4:22 | Create | Villager (Male) |
| 4:22 | Create | Villager (Male) |
| 4:40 | Create | Villager (Male) |
| 4:41 | Create | Villager (Male) |
| 5:06 | Create | Villager (Male) |
| 5:07 | Create | Villager (Male) |
| 5:16 | Build | Mill |
| 5:22 | Create | Villager (Male) |
| 5:22 | Create | Villager (Male) |
| 5:22 | Create | Villager (Male) |
| 6:05 | Create | Villager (Male) |
| 6:06 | Create | Villager (Male) |
| 6:32 | Create | Villager (Male) |
| 6:32 | Create | Villager (Male) |
| 7:23 | Create | Villager (Male) |
| 7:56 | Create | Villager (Male) |
| 7:57 | Create | Villager (Male) |
| 8:37 | Build | Mining Camp |
| 8:39 | Build | Farm |
| 8:55 | Research | Feudal Age |
| 9:09 | Build | Farm |
| 9:12 | Build | Farm |
| 9:17 | Build | Farm |
| 9:19 | Build | Farm |
| 10:16 | Build | Mill |
| 10:22 | Create | Villager (Male) |
| 10:22 | Create | Villager (Male) |
| 11:07 | Age | Feudal Age |
| 11:15 | Build | Market |
| 11:18 | Build | Blacksmith |
| 12:05 | Build | House |
| 12:16 | Build | Farm |
| 12:17 | Build | Farm |
| 12:22 | Create | Villager (Male) |
| 12:39 | Build | House |
| 13:02 | Research | Castle Age |
| 13:06 | Research | Loom |
| 13:12 | Build | House |
| 13:19 | Research | Horse Collar |
| 13:27 | Build | Farm |
| 13:30 | Build | Farm |
| 15:42 | Age | Castle Age |
| 15:45 | Create | Villager (Male) |
| 15:45 | Create | Villager (Male) |
| 15:45 | Create | Villager (Male) |
| 15:52 | Build | House |
| 15:54 | Create | Villager (Male) |
| 15:54 | Create | Villager (Male) |
| 15:55 | Create | Villager (Male) |
| 15:57 | Build | Town Center |
| 17:28 | Build | Monastery |
| 17:30 | Research | Heavy Plow |
| 17:34 | Build | Farm |
| 17:38 | Create | Villager (Male) |
| 17:39 | Create | Villager (Male) |
| 17:39 | Create | Villager (Male) |
| 17:39 | Create | Villager (Male) |
| 18:15 | Build | Farm |
| 18:19 | Build | Farm |
| 18:22 | Build | Farm |
| 18:24 | Build | Farm |
| 18:28 | Create | Monk |
| 18:28 | Create | Monk |
| 18:42 | Build | Farm |
| 18:59 | Create | Villager (Male) |
| 18:59 | Create | Villager (Male) |
| 19:00 | Create | Villager (Male) |
| 19:27 | Build | Siege Workshop |
| 19:30 | Create | Villager (Male) |
| 19:30 | Create | Villager (Male) |
| 19:30 | Create | Villager (Male) |
| 19:39 | Build | House |
| 19:53 | Create | Villager (Male) |
| 19:53 | Create | Villager (Male) |
| 19:54 | Create | Villager (Male) |
| 19:54 | Create | Villager (Male) |
| 19:54 | Create | Villager (Male) |
| 19:57 | Research | Double-Bit Axe |
| 20:04 | Build | Farm |
| 20:08 | Create | Villager (Male) |
| 20:08 | Create | Villager (Male) |
| 20:09 | Create | Villager (Male) |
| 20:09 | Create | Villager (Male) |
| 20:39 | Create | Villager (Male) |
| 20:39 | Create | Villager (Male) |
| 20:39 | Create | Villager (Male) |
| 20:41 | Create | Villager (Male) |
| 20:41 | Create | Villager (Male) |
| 20:41 | Create | Villager (Male) |
| 20:45 | Build | Barracks |
| 21:01 | Build | Farm |
| 21:13 | Research | Bow Saw |
| 21:15 | Research | Wheelbarrow |
| 21:19 | Create | Villager (Male) |
| 21:19 | Create | Villager (Male) |
| 21:19 | Create | Villager (Male) |
| 21:36 | Build | Barracks |
| 21:39 | Research | Man-at-Arms (upgrade) |
| 21:45 | Create | Villager (Male) |
| 21:45 | Create | Villager (Male) |
| 21:52 | Build | Farm |
| 21:54 | Build | Farm |
| 22:03 | Research | Scale Mail Armor |
| 22:19 | Create | Battering Ram |
| 22:19 | Create | Battering Ram |
| 22:23 | Build | House |
| 22:26 | Research | Long Swordsman (upgrade) |
| 22:32 | Create | Villager (Male) |
| 22:32 | Create | Villager (Male) |
| 22:36 | Build | Farm |
| 22:36 | Build | Farm |
| 22:36 | Build | Farm |
| 22:37 | Build | Farm |
| 22:37 | Build | Farm |
| 22:37 | Build | Farm |
| 22:37 | Build | Farm |
| 22:37 | Build | Farm |
| 22:38 | Build | Farm |
| 22:55 | Build | Siege Workshop |
| 23:12 | Research | Chain Mail Armor |
| 23:23 | Create | Battering Ram |
| 23:27 | Research | Squires |
| 23:33 | Build | Barracks |
| 23:37 | Create | Villager (Male) |
| 23:37 | Create | Villager (Male) |
| 23:37 | Create | Villager (Male) |
| 23:41 | Build | Mining Camp |
Build order — Macau_Player
First 150 of 467 actions detected
| 0:01 | Create | Villager (Male) |
| 0:02 | Create | Villager (Male) |
| 0:02 | Create | Villager (Male) |
| 0:02 | Create | Villager (Male) |
| 0:04 | Build | House |
| 0:05 | Build | House |
| 1:20 | Create | Villager (Male) |
| 1:21 | Create | Villager (Male) |
| 1:44 | Create | Villager (Male) |
| 1:44 | Create | Villager (Male) |
| 1:52 | Build | Palisade Gate |
| 2:09 | Create | Villager (Male) |
| 2:10 | Create | Villager (Male) |
| 2:10 | Create | Villager (Male) |
| 2:19 | Build | Palisade Wall |
| 2:21 | Build | Palisade Wall |
| 2:24 | Build | Palisade Wall |
| 2:29 | Build | Palisade Wall |
| 2:32 | Build | Palisade Wall |
| 2:35 | Build | Palisade Wall |
| 2:38 | Build | Palisade Wall |
| 2:42 | Build | Palisade Wall |
| 2:46 | Build | Palisade Wall |
| 2:49 | Build | Palisade Wall |
| 2:51 | Create | Villager (Male) |
| 2:51 | Create | Villager (Male) |
| 2:51 | Create | Villager (Male) |
| 2:55 | Build | Palisade Wall |
| 3:00 | Build | Palisade Wall |
| 3:06 | Build | Palisade Wall |
| 3:17 | Build | Palisade Wall |
| 3:18 | Build | Palisade Wall |
| 3:21 | Build | Palisade Wall |
| 3:24 | Build | Palisade Wall |
| 3:37 | Create | Villager (Male) |
| 3:37 | Create | Villager (Male) |
| 3:38 | Create | Villager (Male) |
| 3:50 | Create | Villager (Male) |
| 3:50 | Create | Villager (Male) |
| 3:50 | Create | Villager (Male) |
| 3:52 | Build | House |
| 3:53 | Build | House |
| 4:17 | Build | Lumber Camp |
| 4:56 | Create | Villager (Male) |
| 4:57 | Create | Villager (Male) |
| 4:57 | Create | Villager (Male) |
| 4:59 | Create | Villager (Male) |
| 4:59 | Create | Villager (Male) |
| 4:59 | Create | Villager (Male) |
| 4:59 | Create | Villager (Male) |
| 5:00 | Create | Villager (Male) |
| 6:10 | Build | Mill |
| 6:30 | Create | Villager (Male) |
| 6:30 | Create | Villager (Male) |
| 6:30 | Create | Villager (Male) |
| 6:31 | Create | Villager (Male) |
| 7:22 | Create | Villager (Male) |
| 8:22 | Build | Mining Camp |
| 8:25 | Research | Feudal Age |
| 9:37 | Build | Farm |
| 9:37 | Build | Farm |
| 10:03 | Create | Villager (Male) |
| 10:03 | Create | Villager (Male) |
| 10:52 | Age | Feudal Age |
| 10:53 | Build | Market |
| 10:56 | Build | Blacksmith |
| 10:58 | Build | House |
| 11:22 | Build | House |
| 11:50 | Research | Castle Age |
| 11:51 | Research | Castle Age |
| 11:56 | Research | Double-Bit Axe |
| 12:38 | Research | Horse Collar |
| 13:02 | Build | Farm |
| 13:03 | Build | Farm |
| 14:00 | Create | Villager (Male) |
| 14:00 | Create | Villager (Male) |
| 14:30 | Age | Castle Age |
| 14:34 | Build | Town Center |
| 14:59 | Build | Town Center |
| 15:24 | Build | Farm |
| 15:28 | Create | Villager (Male) |
| 15:29 | Create | Villager (Male) |
| 16:03 | Build | Farm |
| 16:09 | Build | Farm |
| 16:11 | Build | Farm |
| 16:14 | Create | Villager (Male) |
| 16:16 | Create | Villager (Male) |
| 16:18 | Create | Villager (Male) |
| 16:27 | Build | Farm |
| 16:33 | Create | Villager (Male) |
| 16:41 | Build | Farm |
| 16:45 | Build | Farm |
| 16:59 | Create | Villager (Male) |
| 17:03 | Build | Farm |
| 17:09 | Create | Villager (Male) |
| 17:09 | Create | Villager (Male) |
| 17:14 | Build | Farm |
| 17:25 | Create | Villager (Male) |
| 17:29 | Build | Farm |
| 17:37 | Create | Villager (Male) |
| 17:38 | Create | Villager (Male) |
| 17:38 | Create | Villager (Male) |
| 17:48 | Create | Villager (Male) |
| 17:48 | Create | Villager (Male) |
| 17:48 | Create | Villager (Male) |
| 17:55 | Build | Farm |
| 18:02 | Build | Farm |
| 18:06 | Create | Villager (Male) |
| 18:15 | Build | House |
| 18:22 | Build | Farm |
| 18:23 | Create | Villager (Male) |
| 18:24 | Create | Villager (Male) |
| 18:30 | Build | House |
| 18:44 | Create | Villager (Male) |
| 18:48 | Create | Villager (Male) |
| 18:48 | Create | Villager (Male) |
| 18:53 | Build | Farm |
| 19:09 | Build | Farm |
| 19:10 | Build | Farm |
| 19:12 | Create | Villager (Male) |
| 19:13 | Create | Villager (Male) |
| 19:15 | Create | Villager (Male) |
| 19:16 | Create | Villager (Male) |
| 19:18 | Build | Farm |
| 19:20 | Build | House |
| 19:26 | Create | Villager (Male) |
| 19:33 | Build | Farm |
| 19:38 | Create | Villager (Male) |
| 19:42 | Build | Farm |
| 19:54 | Build | Farm |
| 19:57 | Build | House |
| 19:58 | Build | House |
| 20:00 | Create | Villager (Male) |
| 20:01 | Create | Villager (Male) |
| 20:02 | Create | Villager (Male) |
| 20:14 | Build | Lumber Camp |
| 20:28 | Build | Farm |
| 20:36 | Create | Villager (Male) |
| 20:36 | Create | Villager (Male) |
| 20:37 | Create | Villager (Male) |
| 20:43 | Build | Farm |
| 20:47 | Build | House |
| 20:52 | Create | Villager (Male) |
| 20:54 | Create | Villager (Male) |
| 21:08 | Create | Villager (Male) |
| 21:11 | Build | Farm |
| 21:17 | Build | House |
| 21:31 | Create | Villager (Male) |
| 21:32 | Create | Villager (Male) |
| 21:32 | Create | Villager (Male) |
Build order — Torontist
First 150 of 348 actions detected
| 0:01 | Research | Loom |
| 0:01 | Create | Villager (Male) |
| 0:01 | Create | Villager (Male) |
| 0:07 | Build | House |
| 0:24 | Build | House |
| 0:25 | Create | Villager (Male) |
| 0:25 | Create | Villager (Male) |
| 2:01 | Create | Villager (Male) |
| 2:01 | Create | Villager (Male) |
| 2:21 | Create | Villager (Male) |
| 2:44 | Create | Villager (Male) |
| 2:44 | Create | Villager (Male) |
| 3:12 | Create | Villager (Male) |
| 3:12 | Create | Villager (Male) |
| 3:22 | Create | Villager (Male) |
| 3:22 | Create | Villager (Male) |
| 3:51 | Build | Mill |
| 3:53 | Create | Villager (Male) |
| 3:53 | Create | Villager (Male) |
| 4:11 | Create | Villager (Male) |
| 4:20 | Build | House |
| 4:31 | Build | Lumber Camp |
| 4:49 | Create | Villager (Male) |
| 4:50 | Create | Villager (Male) |
| 5:09 | Create | Villager (Male) |
| 5:10 | Create | Villager (Male) |
| 5:51 | Create | Villager (Male) |
| 6:13 | Create | Villager (Male) |
| 6:13 | Create | Villager (Male) |
| 6:36 | Create | Villager (Male) |
| 6:44 | Build | House |
| 7:05 | Create | Villager (Male) |
| 7:21 | Build | House |
| 7:41 | Create | Villager (Male) |
| 7:56 | Create | Villager (Male) |
| 8:08 | Create | Villager (Male) |
| 8:30 | Build | Mining Camp |
| 8:36 | Create | Villager (Male) |
| 8:41 | Research | Feudal Age |
| 9:57 | Build | Mill |
| 10:17 | Create | Villager (Male) |
| 10:40 | Build | House |
| 11:11 | Create | Villager (Male) |
| 11:34 | Age | Feudal Age |
| 11:36 | Research | Double-Bit Axe |
| 11:41 | Build | Market |
| 11:43 | Build | Blacksmith |
| 11:45 | Create | Villager (Male) |
| 12:08 | Build | Farm |
| 12:12 | Build | Farm |
| 12:16 | Build | Farm |
| 12:19 | Build | Farm |
| 12:44 | Create | Villager (Male) |
| 13:12 | Create | Villager (Male) |
| 13:21 | Build | Farm |
| 13:23 | Build | Farm |
| 13:42 | Create | Villager (Male) |
| 14:01 | Build | Farm |
| 14:01 | Build | Farm |
| 14:01 | Build | Farm |
| 14:16 | Build | Watch Tower |
| 14:29 | Build | Stone Wall |
| 14:38 | Build | Stone Wall |
| 14:43 | Build | Palisade Wall |
| 14:49 | Build | Palisade Gate |
| 14:55 | Build | Palisade Wall |
| 15:07 | Build | Palisade Gate |
| 15:43 | Research | Castle Age |
| 18:23 | Age | Castle Age |
| 18:28 | Build | Siege Workshop |
| 18:40 | Create | Villager (Male) |
| 18:50 | Build | Town Center |
| 18:54 | Create | Mangonel |
| 19:45 | Create | Villager (Male) |
| 19:45 | Create | Villager (Male) |
| 20:29 | Create | Villager (Male) |
| 20:30 | Create | Villager (Male) |
| 20:51 | Create | Villager (Male) |
| 20:52 | Create | Villager (Male) |
| 21:06 | Create | Villager (Male) |
| 21:24 | Create | Villager (Male) |
| 21:24 | Create | Villager (Male) |
| 21:25 | Create | Villager (Male) |
| 21:30 | Build | Farm |
| 21:31 | Build | Farm |
| 21:31 | Build | Farm |
| 21:31 | Build | Farm |
| 21:31 | Build | Farm |
| 21:32 | Build | Farm |
| 21:32 | Build | Farm |
| 21:32 | Build | Farm |
| 21:34 | Build | Farm |
| 21:35 | Build | Farm |
| 21:35 | Build | Farm |
| 21:35 | Build | Farm |
| 22:21 | Create | Villager (Male) |
| 22:21 | Create | Villager (Male) |
| 22:21 | Create | Villager (Male) |
| 23:24 | Create | Villager (Male) |
| 23:24 | Create | Villager (Male) |
| 23:24 | Create | Villager (Male) |
| 23:26 | Research | Bow Saw |
| 23:26 | Research | Bow Saw |
| 23:29 | Build | House |
| 23:39 | Create | Villager (Male) |
| 23:39 | Create | Villager (Male) |
| 23:58 | Create | Villager (Male) |
| 23:59 | Create | Villager (Male) |
| 24:08 | Build | Mining Camp |
| 24:26 | Create | Villager (Male) |
| 24:27 | Create | Villager (Male) |
| 24:43 | Build | Monastery |
| 24:56 | Create | Villager (Male) |
| 24:56 | Create | Villager (Male) |
| 24:56 | Create | Villager (Male) |
| 24:59 | Build | House |
| 25:15 | Build | Mining Camp |
| 25:29 | Create | Mangonel |
| 25:37 | Create | Monk |
| 25:37 | Create | Villager (Male) |
| 25:37 | Create | Villager (Male) |
| 26:13 | Create | Villager (Male) |
| 26:13 | Create | Villager (Male) |
| 26:15 | Build | House |
| 26:46 | Create | Mangonel |
| 26:53 | Create | Villager (Male) |
| 26:54 | Create | Villager (Male) |
| 26:54 | Create | Villager (Male) |
| 26:59 | Build | House |
| 27:19 | Build | House |
| 27:52 | Create | Villager (Male) |
| 27:52 | Create | Villager (Male) |
| 27:59 | Build | Farm |
| 27:59 | Build | Farm |
| 27:59 | Build | Farm |
| 27:59 | Build | Farm |
| 28:00 | Build | Farm |
| 28:19 | Build | Palisade Gate |
| 28:33 | Build | Palisade Gate |
| 29:06 | Research | Imperial Age |
| 29:31 | Create | Villager (Male) |
| 29:32 | Create | Villager (Male) |
| 29:32 | Create | Villager (Male) |
| 29:32 | Create | Villager (Male) |
| 31:20 | Create | Villager (Male) |
| 31:20 | Create | Villager (Male) |
| 31:20 | Create | Villager (Male) |
| 31:27 | Build | University |
| 31:42 | Build | Siege Workshop |
| 31:43 | Build | Siege Workshop |
Build order — yzdddd
First 150 of 336 actions detected
| 0:07 | Create | Villager (Male) |
| 0:07 | Create | Villager (Male) |
| 0:07 | Create | Villager (Male) |
| 0:08 | Build | House |
| 0:11 | Build | House |
| 0:52 | Create | Villager (Male) |
| 0:52 | Create | Villager (Male) |
| 1:31 | Create | Villager (Male) |
| 1:31 | Create | Villager (Male) |
| 2:07 | Create | Villager (Male) |
| 2:08 | Create | Villager (Male) |
| 2:32 | Create | Villager (Male) |
| 2:37 | Create | Villager (Male) |
| 2:43 | Build | Lumber Camp |
| 3:18 | Create | Villager (Male) |
| 3:18 | Create | Villager (Male) |
| 3:34 | Create | Villager (Male) |
| 3:34 | Create | Villager (Male) |
| 3:40 | Build | House |
| 4:16 | Create | Villager (Male) |
| 4:16 | Create | Villager (Male) |
| 4:22 | Build | House |
| 4:25 | Create | Villager (Male) |
| 5:09 | Create | Villager (Male) |
| 5:17 | Create | Villager (Male) |
| 5:26 | Build | Mill |
| 5:30 | Create | Villager (Male) |
| 5:30 | Create | Villager (Male) |
| 6:23 | Build | Mill |
| 6:26 | Create | Villager (Male) |
| 6:27 | Create | Villager (Male) |
| 6:27 | Create | Villager (Male) |
| 6:57 | Create | Villager (Male) |
| 6:57 | Create | Villager (Male) |
| 7:07 | Create | Villager (Male) |
| 7:07 | Create | Villager (Male) |
| 7:09 | Create | Villager (Male) |
| 7:44 | Create | Villager (Male) |
| 7:51 | Build | House |
| 8:34 | Create | Villager (Male) |
| 8:41 | Build | Mining Camp |
| 9:13 | Create | Villager (Male) |
| 9:49 | Research | Feudal Age |
| 9:54 | Build | Mining Camp |
| 10:16 | Build | Farm |
| 10:18 | Create | Villager (Male) |
| 11:48 | Build | Farm |
| 11:49 | Build | Farm |
| 12:01 | Age | Feudal Age |
| 12:02 | Create | Villager (Male) |
| 12:06 | Research | Loom |
| 12:34 | Create | Villager (Male) |
| 12:35 | Create | Villager (Male) |
| 12:46 | Build | Farm |
| 12:48 | Build | Farm |
| 12:52 | Create | Villager (Male) |
| 13:23 | Build | Watch Tower |
| 13:26 | Create | Villager (Male) |
| 13:32 | Build | House |
| 13:34 | Create | Villager (Male) |
| 13:53 | Research | Wheelbarrow |
| 13:54 | Create | Villager (Male) |
| 14:30 | Build | House |
| 14:42 | Build | Blacksmith |
| 14:48 | Create | Villager (Male) |
| 15:08 | Build | Watch Tower |
| 16:24 | Create | Villager (Male) |
| 16:25 | Create | Villager (Male) |
| 16:25 | Create | Villager (Male) |
| 16:29 | Research | Fletching |
| 16:34 | Build | Market |
| 16:42 | Build | Farm |
| 16:49 | Create | Villager (Male) |
| 17:19 | Create | Villager (Male) |
| 18:41 | Research | Castle Age |
| 18:46 | Build | Farm |
| 18:48 | Build | Farm |
| 18:51 | Create | Villager (Male) |
| 19:44 | Create | Villager (Male) |
| 19:44 | Create | Villager (Male) |
| 20:29 | Create | Villager (Male) |
| 21:20 | Create | Villager (Male) |
| 21:21 | Age | Castle Age |
| 21:26 | Research | Bodkin Arrow |
| 21:27 | Research | Bodkin Arrow |
| 21:40 | Build | Watch Tower |
| 21:55 | Create | Villager (Male) |
| 22:05 | Build | Farm |
| 22:05 | Build | Farm |
| 22:06 | Build | Farm |
| 22:06 | Build | Farm |
| 22:06 | Build | Farm |
| 22:06 | Build | Farm |
| 22:43 | Create | Villager (Male) |
| 23:21 | Create | Villager (Male) |
| 23:21 | Create | Villager (Male) |
| 23:21 | Create | Villager (Male) |
| 23:26 | Build | Farm |
| 23:26 | Build | Farm |
| 23:27 | Build | Farm |
| 23:27 | Build | Farm |
| 23:27 | Build | Farm |
| 23:29 | Create | Villager (Male) |
| 23:49 | Create | Villager (Male) |
| 24:13 | Create | Villager (Male) |
| 24:30 | Create | Villager (Male) |
| 24:54 | Create | Villager (Male) |
| 25:06 | Create | Villager (Male) |
| 25:18 | Create | Villager (Male) |
| 25:36 | Build | Mining Camp |
| 25:44 | Create | Villager (Male) |
| 25:45 | Create | Villager (Male) |
| 25:49 | Create | Villager (Male) |
| 26:07 | Build | Watch Tower |
| 26:48 | Create | Villager (Male) |
| 26:49 | Create | Villager (Male) |
| 27:08 | Create | Villager (Male) |
| 27:19 | Create | Villager (Male) |
| 27:44 | Build | Watch Tower |
| 27:50 | Create | Villager (Male) |
| 28:48 | Create | Villager (Male) |
| 29:21 | Create | Villager (Male) |
| 29:31 | Build | Monastery |
| 29:38 | Create | Villager (Male) |
| 29:48 | Create | Villager (Male) |
| 30:13 | Build | University |
| 30:17 | Create | Villager (Male) |
| 30:31 | Create | Villager (Male) |
| 30:39 | Build | House |
| 30:49 | Create | Villager (Male) |
| 31:10 | Research | Imperial Age |
| 31:14 | Research | Gold Mining |
| 31:16 | Research | Double-Bit Axe |
| 31:17 | Research | Horse Collar |
| 31:51 | Create | Villager (Male) |
| 31:52 | Create | Villager (Male) |
| 32:20 | Create | Villager (Male) |
| 32:31 | Research | Forging |
| 32:32 | Research | Scale Mail Armor |
| 32:53 | Build | Castle |
| 33:16 | Create | Villager (Male) |
| 33:17 | Create | Villager (Male) |
| 33:38 | Create | Villager (Male) |
| 33:43 | Research | Iron Casting |
| 33:52 | Build | Barracks |
| 33:58 | Build | Mining Camp |
| 34:11 | Build | Siege Workshop |
| 34:15 | Create | Teutonic Knight |
| 34:15 | Create | Teutonic Knight |
| 34:15 | Create | Teutonic Knight |
Build order — urug3n
First 150 of 305 actions detected
| 0:01 | Research | Loom |
| 0:01 | Create | Villager (Male) |
| 0:02 | Create | Villager (Male) |
| 0:02 | Create | Villager (Male) |
| 0:02 | Create | Villager (Male) |
| 0:02 | Create | Villager (Male) |
| 0:06 | Build | House |
| 0:08 | Build | House |
| 2:10 | Build | Lumber Camp |
| 2:18 | Create | Villager (Male) |
| 2:18 | Create | Villager (Male) |
| 3:05 | Build | House |
| 3:11 | Create | Villager (Male) |
| 3:12 | Create | Villager (Male) |
| 3:12 | Create | Villager (Male) |
| 4:00 | Create | Villager (Male) |
| 4:01 | Create | Villager (Male) |
| 4:21 | Create | Villager (Male) |
| 4:30 | Build | House |
| 4:31 | Build | House |
| 4:56 | Create | Villager (Male) |
| 5:25 | Build | Mill |
| 5:36 | Create | Villager (Male) |
| 5:37 | Create | Villager (Male) |
| 6:05 | Create | Villager (Male) |
| 6:56 | Create | Villager (Male) |
| 7:01 | Create | Villager (Male) |
| 7:03 | Create | Villager (Male) |
| 7:40 | Create | Villager (Male) |
| 7:41 | Create | Villager (Male) |
| 7:56 | Create | Villager (Male) |
| 9:27 | Create | Villager (Male) |
| 9:48 | Create | Villager (Male) |
| 10:23 | Research | Feudal Age |
| 10:57 | Build | Mining Camp |
| 11:14 | Build | Mining Camp |
| 11:51 | Build | Farm |
| 11:51 | Build | Farm |
| 11:52 | Build | Farm |
| 12:05 | Create | Villager (Male) |
| 12:06 | Create | Villager (Male) |
| 12:06 | Create | Villager (Male) |
| 12:32 | Build | House |
| 12:33 | Age | Feudal Age |
| 12:40 | Build | House |
| 12:41 | Build | House |
| 12:57 | Research | Double-Bit Axe |
| 13:09 | Build | Farm |
| 13:30 | Build | Blacksmith |
| 13:41 | Build | Market |
| 13:45 | Create | Villager (Male) |
| 13:46 | Create | Villager (Male) |
| 13:57 | Create | Villager (Male) |
| 13:58 | Create | Villager (Male) |
| 14:28 | Build | Farm |
| 14:37 | Build | Farm |
| 14:45 | Build | Farm |
| 14:53 | Create | Villager (Male) |
| 15:02 | Build | Farm |
| 15:07 | Build | Farm |
| 15:54 | Create | Villager (Male) |
| 15:54 | Create | Villager (Male) |
| 15:58 | Research | Castle Age |
| 16:03 | Build | Farm |
| 16:04 | Build | Farm |
| 16:04 | Build | Farm |
| 16:05 | Build | Farm |
| 16:06 | Build | Farm |
| 16:34 | Build | Barracks |
| 17:16 | Create | Villager (Male) |
| 17:16 | Create | Villager (Male) |
| 17:16 | Create | Villager (Male) |
| 18:11 | Build | Stable |
| 18:21 | Create | Villager (Male) |
| 18:23 | Create | Villager (Male) |
| 18:29 | Build | House |
| 18:31 | Build | House |
| 18:32 | Build | House |
| 18:34 | Build | House |
| 18:37 | Build | House |
| 18:38 | Build | House |
| 18:38 | Age | Castle Age |
| 18:39 | Build | House |
| 18:40 | Build | House |
| 19:07 | Research | Horse Collar |
| 19:21 | Create | Knight |
| 19:22 | Create | Knight |
| 19:23 | Create | Knight |
| 20:09 | Create | Villager (Male) |
| 20:21 | Create | Villager (Male) |
| 21:16 | Create | Villager (Male) |
| 21:16 | Create | Villager (Male) |
| 21:17 | Create | Villager (Male) |
| 21:25 | Create | Knight |
| 21:25 | Create | Knight |
| 21:26 | Create | Knight |
| 22:46 | Create | Villager (Male) |
| 22:46 | Create | Villager (Male) |
| 22:47 | Create | Villager (Male) |
| 22:56 | Build | Town Center |
| 22:57 | Build | Town Center |
| 22:59 | Build | Town Center |
| 23:04 | Build | House |
| 23:05 | Build | House |
| 23:06 | Build | House |
| 23:07 | Build | House |
| 23:10 | Create | Villager (Male) |
| 23:47 | Create | Villager (Male) |
| 23:47 | Create | Villager (Male) |
| 24:13 | Create | Villager (Male) |
| 24:14 | Create | Villager (Male) |
| 24:37 | Create | Knight |
| 24:38 | Create | Knight |
| 24:38 | Create | Knight |
| 24:38 | Create | Knight |
| 24:52 | Build | Castle |
| 24:55 | Build | House |
| 24:56 | Build | House |
| 24:57 | Build | House |
| 24:59 | Build | House |
| 25:02 | Build | House |
| 25:08 | Create | Villager (Male) |
| 25:08 | Create | Villager (Male) |
| 25:08 | Create | Villager (Male) |
| 25:09 | Create | Villager (Male) |
| 25:09 | Create | Villager (Male) |
| 25:19 | Research | Bow Saw |
| 25:39 | Build | Farm |
| 26:04 | Build | Farm |
| 26:07 | Create | Villager (Male) |
| 26:07 | Create | Villager (Male) |
| 26:07 | Create | Villager (Male) |
| 26:08 | Create | Villager (Male) |
| 26:09 | Create | Villager (Male) |
| 26:09 | Create | Villager (Male) |
| 26:09 | Create | Villager (Male) |
| 26:10 | Create | Villager (Male) |
| 26:10 | Create | Villager (Male) |
| 26:10 | Create | Villager (Male) |
| 26:54 | Build | Farm |
| 26:55 | Build | Farm |
| 26:55 | Build | Farm |
| 26:56 | Build | Farm |
| 26:59 | Build | Farm |
| 26:59 | Build | Farm |
| 27:06 | Build | Farm |
| 27:47 | Build | Siege Workshop |
| 28:02 | Build | Stone Wall |
| 28:05 | Build | Stone Wall |
| 28:50 | Build | Farm |
Match timeline
| 2:19 | Macau_Player · wall_segment Palisade Wall x1 |
| 2:21 | Macau_Player · wall_segment Palisade Wall x1 |
| 2:24 | Macau_Player · wall_segment Palisade Wall x1 |
| 2:29 | Macau_Player · wall_segment Palisade Wall x1 |
| 2:32 | Macau_Player · wall_segment Palisade Wall x1 |
| 2:35 | Macau_Player · wall_segment Palisade Wall x1 |
| 2:38 | Macau_Player · wall_segment Palisade Wall x1 |
| 2:42 | Macau_Player · wall_segment Palisade Wall x1 |
| 2:46 | Macau_Player · wall_segment Palisade Wall x1 |
| 2:49 | Macau_Player · wall_segment Palisade Wall x1 |
| 2:55 | Macau_Player · wall_segment Palisade Wall x1 |
| 3:00 | Macau_Player · wall_segment Palisade Wall x1 |
| 3:06 | Macau_Player · wall_segment Palisade Wall x1 |
| 3:17 | Macau_Player · wall_segment Palisade Wall x1 |
| 3:18 | Macau_Player · wall_segment Palisade Wall x1 |
| 3:21 | Macau_Player · wall_segment Palisade Wall x1 |
| 3:24 | Macau_Player · wall_segment Palisade Wall x1 |
| 10:52 | Macau_Player · age_up feudal |
| 10:57 | InterfectoremTR · age_up feudal |
| 11:07 | Digit · age_up feudal |
| 11:34 | Torontist · age_up feudal |
| 11:43 | Wangdangdoodle · age_up feudal |
| 11:53 | TheBraveTRCK · age_up feudal |
| 12:01 | yzdddd · age_up feudal |
| 12:33 | urug3n · age_up feudal |
| 12:39 | Wangdangdoodle · first_building Barracks |
| 14:20 | TheBraveTRCK · first_market_buy 100 food |
| 14:29 | Torontist · wall_segment Stone Wall x4 |
| 14:30 | Macau_Player · age_up castle |
| 14:38 | Torontist · wall_segment Stone Wall x1 |
| 14:43 | Torontist · wall_segment Palisade Wall x3 |
| 14:55 | Torontist · wall_segment Palisade Wall x3 |
| 15:00 | InterfectoremTR · age_up castle |
| 15:42 | Torontist · first_market_sell 100 wood |
| 15:42 | Digit · age_up castle |
| 16:11 | Wangdangdoodle · age_up castle |
| 16:12 | Wangdangdoodle · first_building Castle |
| 16:34 | urug3n · first_building Barracks |
| 17:11 | Wangdangdoodle · first_building Siege Workshop |
| 17:15 | TheBraveTRCK · age_up castle |
| 17:19 | TheBraveTRCK · first_building Siege Workshop |
| 17:28 | Digit · first_building Monastery |
| 17:33 | TheBraveTRCK · first_building Barracks |
| 18:11 | urug3n · first_building Stable |
| 18:19 | InterfectoremTR · first_building Siege Workshop |
| 18:23 | Torontist · age_up castle |
| 18:28 | Torontist · first_building Siege Workshop |
| 18:38 | urug3n · age_up castle |
| 19:05 | Torontist · first_market_buy 100 stone |
| 19:15 | Wangdangdoodle · first_building Monastery |
| 19:17 | Digit · first_market_buy 100 wood |
| 19:27 | Digit · first_building Siege Workshop |
| 20:19 | TheBraveTRCK · first_market_sell 100 food |
| 20:27 | TheBraveTRCK · first_building Castle |
| 20:45 | Digit · first_building Barracks |
| 20:53 | TheBraveTRCK · wall_segment Palisade Wall x1 |
| 20:55 | TheBraveTRCK · wall_segment Palisade Wall x1 |
| 21:21 | yzdddd · age_up castle |
| 22:45 | TheBraveTRCK · first_building Stable |
| 23:01 | Macau_Player · first_building Castle |
| 24:43 | Torontist · first_building Monastery |
| 24:52 | urug3n · first_building Castle |
| 25:15 | Macau_Player · first_building Siege Workshop |
| 25:24 | Macau_Player · first_building Monastery |
| 26:31 | Macau_Player · first_building Barracks |
| 27:35 | Macau_Player · first_market_buy 100 wood |
| 27:47 | urug3n · first_building Siege Workshop |
| 27:55 | InterfectoremTR · first_building Castle |
| 28:02 | urug3n · wall_segment Stone Wall x10 |
| 28:05 | urug3n · wall_segment Stone Wall x14 |
| 28:28 | TheBraveTRCK · tribute_sent a jugador 1 |
| 28:28 | TheBraveTRCK · tribute_sent a jugador 3 |
| 28:28 | TheBraveTRCK · tribute_sent a jugador 4 |
| 28:28 | TheBraveTRCK · tribute_sent a jugador 5 |
| 28:28 | TheBraveTRCK · tribute_sent a jugador 6 |
| 28:28 | TheBraveTRCK · tribute_sent a jugador 7 |
| 28:28 | TheBraveTRCK · tribute_sent a jugador 8 |
| 28:40 | Macau_Player · first_market_sell 100 food |
| 29:23 | Macau_Player · age_up imperial |
| 29:31 | yzdddd · first_building Monastery |
| 30:02 | Wangdangdoodle · first_building Stable |
| 31:19 | InterfectoremTR · age_up imperial |
| 32:16 | Torontist · age_up imperial |
| 32:53 | Torontist · first_building Barracks |
| 32:53 | yzdddd · first_building Castle |
| 32:58 | Macau_Player · first_building Archery Range |
| 33:14 | Wangdangdoodle · age_up imperial |
| 33:20 | Torontist · first_building Castle |
| 33:34 | Wangdangdoodle · first_market_buy 100 food |
| 33:52 | yzdddd · first_building Barracks |
| 34:11 | yzdddd · first_building Siege Workshop |
| 34:31 | yzdddd · age_up imperial |
| 35:49 | TheBraveTRCK · age_up imperial |
| 36:04 | Torontist · wall_segment Palisade Wall x1 |
| 36:05 | Torontist · wall_segment Palisade Wall x1 |
| 36:06 | Torontist · wall_segment Palisade Wall x1 |
| 36:29 | Digit · age_up imperial |
| 37:10 | Torontist · wall_segment Palisade Wall x1 |
| 37:12 | Torontist · wall_segment Palisade Wall x1 |
| 37:12 | Torontist · wall_segment Palisade Wall x1 |
| 37:12 | Torontist · wall_segment Palisade Wall x1 |
| 37:17 | TheBraveTRCK · tribute_sent a jugador 1 |
| 37:17 | TheBraveTRCK · tribute_sent a jugador 3 |
| 37:17 | TheBraveTRCK · tribute_sent a jugador 4 |
| 37:17 | TheBraveTRCK · tribute_sent a jugador 5 |
| 37:17 | TheBraveTRCK · tribute_sent a jugador 6 |
| 37:17 | TheBraveTRCK · tribute_sent a jugador 7 |
| 37:17 | TheBraveTRCK · tribute_sent a jugador 8 |
| 37:48 | urug3n · age_up imperial |
| 39:39 | Digit · first_building Castle |
| 39:39 | InterfectoremTR · tribute_sent a jugador 1 |
| 39:39 | InterfectoremTR · tribute_sent a jugador 2 |
| 39:39 | InterfectoremTR · tribute_sent a jugador 3 |
| 39:39 | InterfectoremTR · tribute_sent a jugador 5 |
| 39:39 | InterfectoremTR · tribute_sent a jugador 6 |
| 39:39 | InterfectoremTR · tribute_sent a jugador 7 |
| 39:39 | InterfectoremTR · tribute_sent a jugador 8 |
| 39:40 | yzdddd · first_building Stable |
| 39:45 | Wangdangdoodle · wall_segment Stone Wall x6 |
| 39:47 | TheBraveTRCK · first_building Archery Range |
| 39:48 | Torontist · wall_segment Stone Wall x1 |
| 40:20 | Torontist · tribute_sent a jugador 1 |
| 40:20 | Torontist · tribute_sent a jugador 2 |
| 40:20 | Torontist · tribute_sent a jugador 3 |
| 40:20 | Torontist · tribute_sent a jugador 4 |
| 40:20 | Torontist · tribute_sent a jugador 5 |
| 40:20 | Torontist · tribute_sent a jugador 7 |
| 40:20 | Torontist · tribute_sent a jugador 8 |
| 40:24 | urug3n · tribute_sent a jugador 1 |
| 40:24 | urug3n · tribute_sent a jugador 2 |
| 40:24 | urug3n · tribute_sent a jugador 3 |
| 40:24 | urug3n · tribute_sent a jugador 4 |
| 40:24 | urug3n · tribute_sent a jugador 5 |
| 40:24 | urug3n · tribute_sent a jugador 6 |
| 40:24 | urug3n · tribute_sent a jugador 7 |
| 40:49 | Wangdangdoodle · first_market_sell 100 stone |
| 44:51 | yzdddd · first_market_buy 100 wood |
| 46:15 | InterfectoremTR · tribute_sent a jugador 1 |
| 46:15 | InterfectoremTR · tribute_sent a jugador 2 |
| 46:15 | InterfectoremTR · tribute_sent a jugador 3 |
| 46:15 | InterfectoremTR · tribute_sent a jugador 5 |
| 46:15 | InterfectoremTR · tribute_sent a jugador 6 |
| 46:15 | InterfectoremTR · tribute_sent a jugador 7 |
| 46:15 | InterfectoremTR · tribute_sent a jugador 8 |
| 47:09 | Torontist · first_building Archery Range |
| 51:51 | TheBraveTRCK · first_building Monastery |
| 54:01 | yzdddd · wall_segment Stone Wall x3 |
| 54:44 | InterfectoremTR · tribute_sent a jugador 1 |
| 54:44 | InterfectoremTR · tribute_sent a jugador 2 |
| 54:44 | InterfectoremTR · tribute_sent a jugador 3 |
| 54:44 | InterfectoremTR · tribute_sent a jugador 5 |
| 54:44 | InterfectoremTR · tribute_sent a jugador 6 |
| 54:44 | InterfectoremTR · tribute_sent a jugador 7 |
| 54:44 | InterfectoremTR · tribute_sent a jugador 8 |
| 54:44 | Torontist · tribute_sent a jugador 1 |
| 54:44 | Torontist · tribute_sent a jugador 2 |
| 54:44 | Torontist · tribute_sent a jugador 3 |
| 54:44 | Torontist · tribute_sent a jugador 4 |
| 54:44 | Torontist · tribute_sent a jugador 5 |
| 54:44 | Torontist · tribute_sent a jugador 7 |
| 54:44 | Torontist · tribute_sent a jugador 8 |
| 55:39 | Macau_Player · resign |
[ AI ANALYSIS · 1 CREDIT ]
What really happened in this match?
Wolo.gg analyzes every decision: build order, eco, micro, common mistakes by bracket. Personalized analysis on WhatsApp or Discord in 30 seconds.
Civ guide
Romans
Map guide
Arena
Perfil
Jugador #7180749